 Dungeon Crawl Stone Soup version 0.23.2-33-g5129a83184 (webtiles) character file.

Game seed: 9147386189133795925

53 Derp the Slasher (level 3, 0/28 HPs)
             Began as a Demonspawn Gladiator on July 23, 2019.
             Succumbed to an adder's poison
             ... on level 2 of the Dungeon.
             The game lasted 00:01:35 (852 turns).

Derp the Slasher (Demonspawn Gladiator)              Turns: 852, Time: 00:01:36

Health: 0/28       AC:  3    Str: 12 (15) XL:     3   Next: 64%
Magic:  3/3        EV: 12    Int:  7 (9)  God:
Gold:   25         SH:  0    Dex: 11 (14) Spells: 2/2 levels left

rFire    . . .     SeeInvis .   a - +0 long sword
rCold    . . .     Gourm    .   (no shield)
rNeg     . . .     Faith    .   b - +0 leather armour
rPois    .         Spirit   .   (helmet restricted)
rElec    .         Reflect  .   (no cloak)
rCorr    .         Harm     .   (no gloves)
MR       .....                  (no boots)
Stlth    +.........             (no amulet)
HPRegen  0.09/turn              (no ring)
MPRegen  0.08/turn              (no ring)

@: lethally poisoned (0 -> -5), berserk cooldown, slowed, very slow
A: antennae 1, rot immunity
a: no special abilities


You were on level 2 of the Dungeon.
You were not hungry.

You visited 1 branch of the dungeon, and saw 2 of its levels.

You collected 25 gold pieces.

Inventory:

Hand Weapons
 a - a +0 long sword (weapon)
Missiles
 d - 3 throwing nets (quivered)
Armour
 b - a +0 leather armour (worn)
 c - a +0 helmet
Scrolls
 e - a scroll of teleportation {unknown}
 h - 2 scrolls of amnesia {unknown}
 i - a scroll of enchant armour {unknown}
Potions
 g - a potion of berserk rage
Comestibles
 f - a ration


   Skills:
 + Level 2.3 Fighting
 + Level 3.4 Long Blades
 + Level 1.9 Throwing
 + Level 1.2 Armour
 + Level 3.0 Dodging


You had 2 spell levels left.
You didn't know any spells.
Your spell library was empty.

Dungeon Overview and Level Annotations

Branches:
Dungeon (2/15)

Altars:


Innate Abilities, Weirdness & Mutations

You have a pair of small antennae on your head.
You are immune to rotting.


Message History

* * * LOW HITPOINT WARNING * * *
It was a potion of berserk rage.
A red film seems to cover your vision as you go berserk!
You feel yourself moving faster!
You feel mighty!
* * * LOW HITPOINT WARNING * * *
You feel sick. The adder barely misses you.
You riposte.
You slash the adder!
You kill the adder!
Your Armour skill increases to level 1!
You are too berserk!
You feel a strong urge to attack something.
* * * LOW HITPOINT WARNING * * *
You feel sick.
You feel your anger nearly subside.
You are no longer berserk.
You are exhausted.
You feel yourself slow down.
It was a potion of degeneration.
There was something very wrong with that liquid.
You feel weakened.
You feel dopey.
You feel clumsy.
You die...

..# # #.# #####.
#.#############
......###.##....<#....#
.......†.....>#..#.##.#
######†####.##..#.##.##
#.# #.##....##... #.#
#.###........ #@# #.#
######.## #.#
#.########... #.#
#.#<..##..... ...
..###.#...... #.# ..#
#.†...).. #.. ###......
..# #...... ..# #......
#....##


There were no monsters in sight!

Vanquished Creatures
  An adder (D:2)
  2 oozes (D:1)
  A dart slug (D:1)
  A leopard gecko (D:1)
  4 giant cockroaches
  A goblin (D:1)
  3 hobgoblins
  6 jackals (D:2)
  A ball python (D:1)
  4 bats (D:1)
  A frilled lizard (D:1)
  3 kobolds (D:1)
  A rat (D:1)
29 creatures vanquished.

Notes
Turn   | Place    | Note
-------+----------+-------------------------------------------
     0 | D:1      | Derp the Demonspawn Gladiator began the quest for the Orb.
     0 | D:1      | Reached XP level 1. HP: 16/16 MP: 1/1
   160 | D:1      | Gained mutation: You are immune to rotting. [demonic
                  | ancestry]
   160 | D:1      | Reached XP level 2. HP: 14/22 MP: 2/2
   451 | D:1      | Gained mutation: You have a pair of small antennae on your
                  | head. [demonic ancestry]
   451 | D:1      | Reached XP level 3. HP: 16/27 MP: 3/3
   847 | D:2      | HP: 2/42 [poisoned by an adder]
   847 | D:2      | Reached skill level 1 in Armour
   852 | D:2      | Succumbed to an adder's poison

Skill      XL: |  1  2  3 |
---------------+----------+-----
Long Blades    | 3 |  3.4
Dodging        | 3 |  3.0
Armour         | 1 |  1.2
Fighting       | |  2.3
Throwing       | |  1.9

Action                   || total
-------------------------++-------
Melee: Long sword        ||    82
  Use: Potion            ||     2
Armor: Leather armour    ||    32
Dodge: Dodged            ||    85
       Rpst.: Long sword ||    22
